 Dungeon Crawl Stone Soup version 0.28-a0-194-g42b4daccc1 (webtiles) character file.

Game seed: 16861464477686492664

96 wakim the Ruffian (level 4, -1/37 HPs)
             Began as a Ghoul Gladiator on Aug 18, 2021.
             Was a Follower of Trog.
             Slain by an orc wizard (2 damage)
             ... on level 3 of the Dungeon.
             The game lasted 00:03:40 (1958 turns).

wakim the Ruffian (Ghoul Gladiator)                 Turns: 1958, Time: 00:03:40

Health: -1/37      AC:  6    Str: 17    XL:     4   Next: 67%
Magic:  3/3        EV: 12    Int:  4    God:    Trog [*.....]
Gold:   149        SH:  0    Dex: 10    Spells: 3/3 levels left

rFire   . . .      SeeInvis .     - Unarmed
rCold   + . .      Faith    .   (no shield)
rNeg    + + +      Spirit   .   a - +0 leather armour
rPois   ∞          Reflect  .   b - +0 helmet
rElec   .          Harm     .   n - +1 cloak
rCorr   .          Rampage  .   (no gloves)
Will    .....                   (no boots)
Stlth   +.........              (no amulet)
HPRegen 0.00/turn               (no ring)
MPRegen 0.08/turn               (no ring)

@: inhibited regen
A: claws 1, cold resistance 1, negative energy resistance 3, inhibited
regeneration, torment resistance 2
a: Renounce Religion


You were on level 3 of the Dungeon.
You worshipped Trog.
Trog was aware of your devotion.
You visited 1 branch of the dungeon, and saw 3 of its levels.

You collected 149 gold pieces.

Inventory:

Missiles
 c - 3 throwing nets {=f!f}
 s - 83 stones (quivered)
Armour
 a - a +0 leather armour (worn)
 b - a +0 helmet (worn)
 n - a +1 cloak (worn)
Jewellery
 l - a ring of fire
Wands
 y - a wand of paralysis (7)
Scrolls
 e - a scroll of magic mapping {unknown}
 g - a scroll of enchant weapon
Potions
 d - a potion of berserk rage {unknown}
 i - a potion of cancellation {unknown}
 j - a potion of flight {unknown}
 o - 3 potions of ambrosia {unknown}
 O - a potion of resistance


   Skills:
 + Level 2.8 Fighting
 - Level 1.7 Throwing
 + Level 1.2 Armour
 * Level 3.5 Dodging
 * Level 4.3 Unarmed Combat


You had 3 spell levels left.
You didn't know any spells.
Your spell library contained the following spells:

 Spells                   Type           Power      Damage    Failure   Level
 Irradiate                Conj/Tmut      0%         3d13      100%        5
 Blade Hands              Tmut           Unusable   N/A       N/A         5
 Dragon Form              Tmut           Unusable   N/A       N/A         7

Dungeon Overview and Level Annotations

Branches:
Dungeon (3/15)

Altars:
Trog


Innate Abilities, Weirdness & Mutations

You thrive by killing the living.
You are immune to poison.
You have sharp fingernails.
Your flesh is cold resistant. (rC+)
You are immune to negative energy. (rN+++)
You do not regenerate when monsters are visible.
You are immune to unholy pain and torment.


Message History

You're too confused to move!
Something hits you but does no damage.
You closely miss something. Something hits you.
* * * LOW HITPOINT WARNING * * *
You bump into the rock wall.
Something barely misses you.
You closely miss something. Something hits you but does no damage.
You bump into the rock wall.
Something hits you but does no damage.
You bump into the rock wall.
You feel less confused. Something barely misses you.
You barely miss something. Something hits you.
* * * LOW HITPOINT WARNING * * *
You closely miss something. Something hits you.
* * * LOW HITPOINT WARNING * * *
You miss something. Something hits you but does no damage.
You miss something. Something hits you but does no damage.
You miss something. Something hits you but does no damage.
You miss something.
You hear some strange, mumbled words.
You are confused.
You completely miss something. You barely miss something.
Something hits you but does no damage.
You completely miss something. Something hits you.
* * * LOW HITPOINT WARNING * * *
You bump into the rock wall.
You hear some strange, mumbled words.
A magic dart appears from out of thin air!
The magic dart hits you.
* * * LOW HITPOINT WARNING * * *
You completely miss something. Something hits you.
* * * LOW HITPOINT WARNING * * *
You bump into the rock wall.
Something hits you.
* * * LOW HITPOINT WARNING * * *
You barely miss something. Something hits you but does no damage.
You completely miss something.
You feel less confused.
You hear some strange, mumbled words.
A puff of flame appears from out of thin air!
The puff of flame misses you.
You miss something. Something hits you.
You die...

+...#.#..## .. ##
#..##.##..# . .
##..###..### .#.
#..##..##.# ...
#..###..#.#. #.#
###.##.##..†.. #.#
#....#.#..#### #{#
#.##.....## #@#
#.####.###
#.###.###††.##
#............#####
#####.#...........
#.####.######.
#......# ######.#
#.# ########## #.#


There were no monsters in sight!

Vanquished Creatures
  An orc priest (D:3)
  An adder (D:3)
  A dart slug (D:1)
  3 orcs (D:3)
  7 ball pythons
  2 endoplasms (D:2)
  2 giant cockroaches
  5 goblins
  7 hobgoblins
  A quokka (D:1)
  5 bats
  3 frilled lizards
  8 kobolds
  4 rats
50 creatures vanquished.

Notes
Turn   | Place    | Note
-------+----------+-------------------------------------------
     0 | D:1      | wakim the Ghoul Gladiator began the quest for the Orb.
     0 | D:1      | Reached XP level 1. HP: 17/17 MP: 0/0
   237 | D:1      | Reached XP level 2. HP: 25/25 MP: 1/1
   600 | D:1      | Reached XP level 3. HP: 30/30 MP: 2/2
  1055 | D:1      | Found a faded altar of an unknown god.
  1065 | D:1      | Became a worshipper of Trog the Wrathful
  1065 | D:1      | Reached * piety under Trog
  1847 | D:3      | Reached skill level 4 in Unarmed Combat
  1850 | D:3      | Reached skill level 1 in Armour
  1881 | D:3      | Reached XP level 4. HP: 37/37 MP: 3/3
  1955 | D:3      | HP: 1/37 [something (1)]
  1958 | D:3      | Slain by an orc wizard

Illustrated notes

Levels and vault maps discovered:
D:1:      minmay_arrival_shattered_statue, layout_basic,
          dreamdust_ecumenical_altar_angels_and_demons, minmay_small_reverse_x
D:2:      layout_rooms
D:3:      minmay_spotlight, layout_loops_corners, minmay_between

Skill      XL: |  1  2  3 |
---------------+----------+-----
Dodging        | 3 |  3.5
Unarmed Combat | 4 |  4.3
Armour         | 1 |  1.2
Fighting       | |  2.8
Throwing       | |  1.7

Action                   |  1- 3 |  4- 6 || total
-------------------------+-------+-------++-------
Melee: Unarmed           |   116 |    38 ||   154
       Punch             |       |     1 ||     1
Throw: Stone             |     2 |       ||     2
  Use: Scroll            |     6 |       ||     6
Armor: Leather armour    |    41 |    14 ||    55
Dodge: Dodged            |    70 |     9 ||    79

Table legend: (Time is in decaauts)
 A = Elapsed time spent in this place.
 B = Non-inter-level travel time spent in this place.
 C = Inter-level travel time spent in this place.
 D = Time resting spent in this place.
 E = Time spent auto-exploring this place.
 F = Levels seen in this place.
 G = Mean time per level.
                   A        B        C        D        E       F      G
               +--------+--------+--------+--------+--------+-----+--------+
         Total |   1947 |   1888 |     59 |      0 |   1549 |   3 |  649.0 |
       Dungeon |   1947 |   1888 |     59 |      0 |   1549 |   3 |  649.0 |
               +--------+--------+--------+--------+--------+-----+--------+

Top non-repeatable levels by time:
     D:1: 1081 daAuts
     D:2: 551 daAuts
     D:3: 315 daAuts
